 Dungeon Crawl Stone Soup version 0.19.1 (webtiles) character file.

36 empire the Grave Robber (level 3, -2/24 HPs)
             Began as a Human Necromancer on Dec 23, 2016.
             Hit by a goblin thrown by Robin (3 damage)
             ... on level 2 of the Dungeon.
             The game lasted 00:04:07 (1942 turns).

empire the Grave Robber (Human Necromancer)         Turns: 1942, Time: 00:04:07

Health: -2/24      AC:  3    Str:  8    XL:     3   Next: 57%
Magic:  1/6        EV: 12    Int: 16    God:
Gold:   68         SH:  0    Dex: 13    Spells: 2 memorised, 2 levels left

rFire  . . .     SeeInvis .     a - +0 spear
rCold  . . .     Gourm    .     d - +0 robe
rNeg   . . .     Faith    .     (no shield)
rPois  .         Spirit   .     (no helmet)
rElec  .         Reflect  .     Z - -1 cloak (curse)
rCorr  .         Harm     .     (no gloves)
MR     .....                    j - +0 pair of boots
Stlth  ++........               l - amulet of inaccuracy (curse)
                                (no ring)
                                (no ring)

@: no status effects
A: no striking features
a: no special abilities


You were on level 2 of the Dungeon.
You were not hungry.

You visited 1 branch of the dungeon, and saw 2 of its levels.

You collected 68 gold pieces.

Inventory:

Hand Weapons
 a - a +0 spear (weapon)
 b - a +0 dagger
Missiles
 m - 2 javelins (quivered)
Armour
 d - a +0 robe (worn)
 j - a +0 pair of boots (worn)
 Z - a cursed -1 cloak (worn)
Jewellery
 l - a cursed amulet of inaccuracy (around neck)
Wands
 n - a wand of enslavement (11/24)
Scrolls
 f - a scroll of amnesia
Potions
 g - 2 potions of lignification {unknown}
 h - a potion of mutation {unknown}
 k - 3 potions of might {unknown}
 o - a potion of agility {unknown}
Books
 e - a book of Necromancy

   Spells                             Type                      Level
   a - Pain                           Necromancy                   1
   b - Animate Skeleton               Necromancy                   1
   c - Vampiric Draining              Necromancy                   3
   d - Regeneration                   Charms/Necromancy            3
   e - Animate Dead                   Necromancy                   4
   f - Control Undead                 Necromancy                   4
Comestibles
 c - 3 bread rations
 i - 7 chunks of flesh


   Skills:
 - Level 2.0 Dodging
 - Level 2.0 Stealth
 + Level 2.2 Spellcasting
 - Level 5.0 Necromancy


You had 2 spell levels left.
You knew the following spells:

 Your Spells              Type           Power        Failure   Level  Hunger
a - Pain                  Necr           ###.         2%          1    #......
b - Vampiric Draining     Necr           ###.......   10%         3    ###....


Dungeon Overview and Level Annotations

Branches:
Dungeon (2/15)

Altars:

Annotations:
D:2 Robin


Message History

Aim: Robin, wielding a mace, wearing an animal skin and wearing a helmet (heavily wounded, chance to defeat MR: 82%)
The goblin writhes in agony!
You kill the goblin!
The goblin hits you. The goblin hits you with a club.
* * * LOW HITPOINT WARNING * * *
Casting: Pain
Confirm with . or Enter, or press ? or * to list all spells.
Okay, then.
You barely miss the goblin. The goblin hits you with a club.
* * * LOW HITPOINT WARNING * * *
The goblin misses you. The goblin hits you but does no damage.
The goblin hits you with a club.
* * * LOW HITPOINT WARNING * * *
The goblin hits you but does no damage. Robin throws the goblin at you!
The goblin closely misses you. The goblin misses you.
You hit the goblin but do no damage. The goblin hits you with a club.
* * * LOW HITPOINT WARNING * * *
Robin throws the goblin at you!
You die...

#...##.# #.# #.####.#
#.# #.####.# #.#
#......# #.# #.######
### #.# #.####
##.###.# #.##.##
###.gg##.######.#...##
#..gg@g...............
##.g..##.########...##
#.#.###.# ##.##
$....gg.####<.# #.#
....g.### #.## #.#
.8.8.# #.# #.# ..#.#
#.# #.# #
...#########.# #.# #
..##.........# #.# #


You could see Robin, a hobgoblin and 7 goblins.

Vanquished Creatures
  2 leopard geckos
  3 giant cockroaches
  4 goblins
  3 hobgoblins
  7 jackals
  3 kobolds (D:1)
  A bat (D:1)
  3 frilled lizards (D:1)
  4 rats (D:1)
30 creatures vanquished.

Notes
Turn   | Place    | Note
-------+----------+-------------------------------------------
     0 | D:1      | empire the Human Necromancer began the quest for the Orb.
     0 | D:1      | Reached XP level 1. HP: 13/13 MP: 3/3
   232 | D:1      | Reached XP level 2. HP: 10/19 MP: 5/5
   972 | D:1      | Reached XP level 3. HP: 7/24 MP: 4/6
  1216 | D:1      | Learned a level 3 spell: Vampiric Draining
  1722 | D:2      | Reached skill level 5 in Necromancy
  1930 | D:2      | Noticed Robin
  1942 | D:2      | HP: 1/24 [goblin/club[Robin] (4)]
  1942 | D:2      | Hit by a goblin thrown by Robin

Skill      XL: |  1  2  3 |
---------------+----------+-----
Necromancy     | 5 |  5.0
Dodging        | |  2.0
Stealth        | |  2.0
Spellcasting   | |  2.2

Action                   || total
-------------------------++-------
Melee: Spear             ||    71
 Cast: Pain              ||    35
  Use: Scroll            ||     3
  Eat: Chunk             ||     4
Armor: Robe              ||    13
Dodge: Dodged            ||    64
